 Dungeon Crawl Stone Soup version 0.29.1-13-g9f3cf754e1 (webtiles) character file.

Game seed: 10115033803157610805

3 sweetbreads the Digger (level 1, 0/10 HPs)
             Began as a Gargoyle Earth Elementalist on Jan 25, 2023.
             Slain by a ball python (2 damage)
             ... on level 1 of the Dungeon.
             The game lasted 00:01:13 (118 turns).

sweetbreads the Digger (Gargoyle Earth Elementalist) Turns: 118, Time: 00:01:14

Health: 0/10       AC:  4    Str: 11    XL:     1   Next: 50%
Magic:  0/3        EV:  9    Int: 15    God:
Gold:   39         SH:  0    Dex: 10    Spells: 3/4 levels left

rFire   . . .      SeeInvis .   a - +0 mace
rCold   . . .      Faith    .   (no shield)
rNeg    + . .      Spirit   .   e - +0 robe
rPois   ∞          Reflect  .   (no helmet)
rElec   +          Harm     .   (no cloak)
rCorr   .          Rampage  .   (no gloves)
Will    .....                   (no boots)
Stlth   ++........              (no amulet)
HPRegen 0.03/turn               (no ring)
MPRegen 0.08/turn               (no ring)

@: very slightly contaminated, constricted
A: sickness immunity, AC +2, negative energy resistance 1, electricity
resistance, torment resistance 1, petrification resistance
a: no special abilities


You were on level 1 of the Dungeon.
You visited 1 branch of the dungeon, and saw 1 of its levels.

You collected 39 gold pieces.

Inventory:

Hand Weapons
 a - a +0 mace (weapon)
Armour
 e - a +0 robe (worn)
Scrolls
 c - 2 scrolls of identify {unknown}
Potions
 b - 2 potions of magic
 d - a potion of curing {unknown}


   Skills:
 * Level 1.6 Dodging
 * Level 2.3 Stealth
 - Level 2.0 Spellcasting
 - Level 0.7 Transmutations
 + Level 3.8 Earth Magic


You had 3 spell levels left.
You knew the following spells:

 Your Spells              Type           Power      Damage    Failure   Level
a - Sandblast             Erth           26%        2d8       4%          1

Your spell library contained the following spells:

 Spells                   Type           Power      Damage    Failure   Level
 Passwall                 Tmut/Erth      6%         N/A       13%         2
 Stone Arrow              Conj/Erth      14%        3d7       30%         3
 Petrify                  Tmut/Erth      8%         N/A       65%         4


Dungeon Overview and Level Annotations

Branches:
Dungeon (1/15)

Altars:


Innate Abilities, Weirdness & Mutations

You are immune to sickness and miasma.
Your stone body is resilient. (AC +2)
You are immune to poison.
You resist negative energy. (rN+)
You are resistant to electric shocks. (rElec)
You are resistant to unholy torment.
You are immune to petrification.


Message History

* * * LOW HITPOINT WARNING * * *
The ball python barely misses you. The ball python constricts you.
The bat closely misses you. The ball python barely misses you.
The ball python constricts you.
You closely miss the ball python.
The ball python is severely wounded.
The bat hits you but does no damage. The bat barely misses you.
The ball python bites you but does no damage.
The ball python constricts you.
You barely miss the ball python.
The ball python is severely wounded.
The bat closely misses you. The bat hits you but does no damage.
The bat closely misses you.
The ball python bites you but does no damage.
The ball python constricts you.
The ball python bites you but does no damage.
The ball python constricts you.
* * * LOW HITPOINT WARNING * * *
Unknown command.
You closely miss the ball python.
The ball python is severely wounded.
The bat hits you but does no damage. The ball python barely misses you.
The ball python constricts you. The bat barely misses you.
The ball python bites you but does no damage.
The ball python constricts you.
Casting: Sandblast (safe; 4% risk of failure)
Confirm with . or Enter, or press ? or * to list all spells.
Aiming: Sandblast (safe; 4% risk of failure)
Press: ? - help, Shift-Dir - straight line, f - ball python
Aim: a ball python (moderately wounded, constricting you, 80% to hit)
You miscast Sandblast.
You are very lightly contaminated with residual magic.
Nothing appears to happen.
The bat closely misses you.
The ball python bites you but does no damage.
The ball python constricts you.
Unknown command.
You closely miss the ball python.
The ball python is moderately wounded.
The bat hits you but does no damage. The ball python bites you.
You die...

.#####.##.###
............# #.#
.#####....#[# #.# .##
##...# ..# #.#.# #.#
#..## #.### #.#.# .##
#..# #... .... .#
#..#######.## #..# ## .#
#...........# #..# . .#
#......().@.# #..#.# .#
#########.S.####..#.#####
.# #....b..........# .#
###.......#.###. .#
#######.# .# #.# .# #S#
.# #.# ... ...


You could see a bat and a ball python.

Vanquished Creatures
  A goblin (D:1)
  A hobgoblin (D:1)
  A bat (D:1)
3 creatures vanquished.

Notes
Turn   | Place    | Note
-------+----------+-------------------------------------------
     0 | D:1      | sweetbreads the Gargoyle Earth Elementalist began the quest
                  | for the Orb.
     0 | D:1      | Reached XP level 1. HP: 10/10 MP: 3/3
    52 | D:1      | Found a faded altar of an unknown god.
   118 | D:1      | Slain by a ball python

Illustrated notes

Levels and vault maps discovered:
D:1:      dpeg_arrival_tiny_a, layout_loops_ring, serial_shops,
          nicolae_shop_competitors_out_of_business,
          chequers_ecumenical_altar_simple

Action                   || total
-------------------------++-------
Melee: Mace              ||     8
 Cast: Sandblast         ||     6
Armor: Robe              ||    11
Dodge: Dodged            ||    19
